 Dungeon Crawl Stone Soup version 0.30-a0-591-g3c58d2bc28 (webtiles) character file.

Game seed: 11822626724568627309

317 kae the Changer (level 6, 0/43 HPs)
             Began as a Demonspawn Transmuter on Jan 5, 2023.
             Slain by a kobold brigand
             ... wielding a +0 club
              (2 damage)
             ... on level 6 of the Dungeon.
             The game lasted 00:02:55 (1921 turns).

kae the Changer (Demonspawn Transmuter)             Turns: 1921, Time: 00:02:55

Health: 0/43       AC:  2    Str: 10    XL:     6   Next: 20%
Magic:  4/11       EV: 12    Int: 16    God:
Gold:   95         SH:  0    Dex: 20    Spells: 1/11 levels left

rFire   x . .      SeeInvis .      - Unarmed
rCold   . . .      Faith    .    (no shield)
rNeg    + . .      Spirit   .    a - +0 robe
rPois   +          Reflect  .    (no helmet)
rElec   .          Harm     .    (no cloak)
rCorr   .          Rampage  .    (no gloves)
Will    .....                    (no boots)
Stlth   ++                       (no amulet)
HPRegen 0.27/turn                m - ring "Roreij" {rPois rF- rN+ Dex+6}
MPRegen 0.12/turn                (no ring)

@: no status effects
A: claws 1, spiny 2
a: no special abilities


You were on level 6 of the Dungeon.
You visited 1 branch of the dungeon, and saw 4 of its levels.

You collected 95 gold pieces.


Innate Abilities, Weirdness & Mutations

You have sharp fingernails.
You are mostly covered in sharp spines.


   Skills:
 - Level 1.0 Fighting
 - Level 1.7 Dodging
 + Level 3.8 Unarmed Combat
 + Level 3.3 Spellcasting
 * Level 4.2 Transmutations
 * Level 0.5 Ice Magic
 - Level 1.0 Poison Magic


You had one spell level left.
You knew the following spells:

 Your Spells              Type           Power      Damage    Failure   Level
a - Beastly Appendage     Tmut           32%        N/A       3%          1
b - Wereblood             Tmut           16%        N/A       4%          2
c - Spider Form           Tmut/Pois      11%        N/A       19%         3
d - Ice Form              Ice/Tmut       10%        N/A       54%         4

Your spell library contained the following spells:

 Spells                   Type           Power      Damage    Failure   Level
 Cigotuvi's Dreadful Rot  Necr/Pois/Air  6%         N/A       24%         2
 Dispel Undead            Necr           2%         3d7       87%         4
 Death Channel            Necr           1%         N/A       100%        6

Inventory:

Missiles
 h - 16 stones
 i - 8 poisoned darts
Armour
 a - a +0 robe (worn)
Magical Staves
 n - a staff of earth {!a}
   (You found it on level 2 of the Dungeon)
Jewellery
 m - the ring "Roreij" (left claw) {rPois rF- rN+ Dex+6}
   (You found it on level 2 of the Dungeon)

   [ring of dexterity]

   Dex:       It affects your dexterity (+6).
   rF:        It makes you vulnerable to fire.
   rPois:     It protects you from poison.
   rN:        It protects you from negative energy.
Potions
 b - a potion of resistance {unknown}
 c - 2 potions of haste {@q3}
 d - a potion of brilliance {unknown}
 e - a potion of magic {unknown}
 f - a potion of attraction {!q}
 l - a potion of flight

Dungeon Overview and Level Annotations

Branches:
Dungeon (3/15) Zot: 22083

Altars:

##.....## ##.#.
##.......## ...
###.........# ...
.'.........+ ...
#.........# #.#
#.......# #.#
#..)).# #.# #.K@#
####.# ######)##
#....# #..))).#
##.##### #.####.#
.......# #.####.##
.#.###.#
#.......#######
.#.# #.#
#..............
.#.# #.#
#.......######
.#.###.###.###..##


You could see a kobold brigand.


Message History

Unknown command.
You hit the kobold.
You feel a bit better.
You kill the kobold!
You hear a shout! 😮 HP[+4]
You regained 4 hp, and now have 24/43 hp.
You hit the kobold but do no damage.
The kobold is poisoned.
The kobold hits you but does no damage.
Your magical contamination has completely faded away.
You bite the kobold!
You feel a bit better.
You kill the kobold!
The kobold throws a poisoned dart.
The poisoned dart misses you. 😮 HP[+3]
You regained 3 hp, and now have 27/43 hp.
Your primal bloodlust is almost over.
The kobold misses you.
Items here: ( )))) †††.
Unknown command. 😮 HP[+1]
You bite the kobold!
You feel a bit better.
You kill the kobold!
You hear a shout! x2 😮 HP[+3]
You regained 3 hp, and now have 31/43 hp.
You bite the gnoll!
You feel a bit better.
You kill the gnoll!
Your transformation has ended.
Your +0 robe unmelds from your body.
The kobold throws a stone.
The stone barely misses you. 😕 HP[+2]
You regained 2 hp, and now have 33/43 hp.
A kobold comes into view. It is wielding a +0 whip.
The kobold is struck by your spines.
You feel a bit better.
You kill the kobold!
A kobold brigand comes into view.
It is wielding a +0 club and quivering poisoned darts.
The kobold moves out of view.
Things that are here:
a +0 club; a +0 club; 5 poisoned darts; 😕 HP[+2]
You regained 2 hp, and now have 35/43 hp.
A kobold comes into view. It is wielding a +0 club.
The kobold misses you.
The kobold brigand hits you with a +0 club.
There is an open door, spattered with blood here.
Things that are here:
a +0 dagger; 3 stones; a kobold corpse; 😕 HP[-1]
You take 1 damage, and now have 34/43 hp.
The kobold brigand is struck by your spines.
The kobold brigand hits you with a +0 club. 😮 HP[-5] MP[+1]
You take 5 damage, and now have 29/43 hp.
You are too injured to fight recklessly!
You are too injured to fight recklessly!
You scratch the kobold brigand.
You are too injured to fight recklessly!
You are too injured to fight recklessly!
You are too injured to fight recklessly!
You are too injured to fight recklessly!
You scratch the kobold brigand.
You howl as the wereblood boils in your veins!
Your primal bloodlust has ended.
The kobold is struck by your spines. The kobold hits you with a +0 whip.
The kobold hits you with a +0 club.
The kobold brigand is struck by your spines.
The kobold brigand hits you with a +0 club.
* * * LOW HITPOINT WARNING * * *
😨 HP[-11]
You take 11 damage, and now have 18/43 hp.
MASSIVE DAMAGE!! (PAUSE)
You barely miss the kobold brigand. The kobold is struck by your spines.
You kill the kobold!
The kobold is struck by your spines.
You kill the kobold!
The kobold is struck by your spines. The kobold hits you with a +0 club.
* * * LOW HITPOINT WARNING * * *
The kobold brigand is struck by your spines.
The kobold brigand hits you but does no damage. 😨 HP[-2]
You take 2 damage, and now have 16/43 hp.
You scratch the kobold brigand but do no damage.
The kobold misses you. The kobold brigand barely misses you.
Unknown command.
You closely miss the kobold brigand. The kobold hits you with a +0 club.
* * * LOW HITPOINT WARNING * * *
The kobold brigand hits you with a +0 club.
* * * LOW HITPOINT WARNING * * *
😱 HP[-8]
You take 8 damage, and now have 8/43 hp.
You scratch the kobold but do no damage.
The kobold hits you with a +0 club.
* * * LOW HITPOINT WARNING * * *
The kobold brigand hits you with a +0 club.
* * * LOW HITPOINT WARNING * * *
Unknown command. 😱 HP[-7]
You take 7 damage, and now have 1/43 hp.
You scratch the kobold brigand but do no damage.
The kobold is struck by your spines.
You kill the kobold!
The kobold brigand hits you with a +0 club.
You die...

Skill      XL: |  1  2  3  4  5 |
---------------+----------------+-----
Transmutations | 2 3 4 |  4.2
Unarmed Combat | 3 |  3.8
Poison Magic   | 1 |  1.0
Spellcasting   | 3 |  3.3
Fighting       | |  1.0
Dodging        | |  1.7
Ice Magic      | |  0.5

Action                   |  1- 3 |  4- 6 || total
-------------------------+-------+-------++-------
Melee: Unarmed           |    73 |    90 ||   163
       Kick              |    16 |       ||    16
       Headbutt          |     7 |       ||     7
       Punch             |       |     1 ||     1
 Cast: Beastly Appendage |    25 |       ||    25
       Spider Form       |     1 |     4 ||     5
       Wereblood         |       |     2 ||     2
       Ice Form          |       |     1 ||     1
  Use: Scroll            |     6 |       ||     6
       Potion            |       |     2 ||     2
 Stab: Sleeping          |     1 |       ||     1
Armor: Robe              |    10 |     2 ||    12
       Skin              |       |    35 ||    35
Dodge: Dodged            |    33 |    61 ||    94

Levels and vault maps discovered:
D:1:      roderic_dead_forest, layout_basic
D:2:      layout_loops_ring, dreamdust_ecumenical_altar_grove
D:3:      layout_rooms, nicolae_uskayaw_murder_on_the_dancefloor,
          dilly_guarded_unrand_morg, uniq_natasha, uniq_sigmund
D:6:      kennysheep_housing_project, layout_loops_corners, xom_teletrap_fun,
          minmay_temple_entry_drinking_statues

Notes
Turn   | Place    | Note
-------+----------+-------------------------------------------
     0 | D:1      | kae the Demonspawn Transmuter began the quest for the Orb.
     0 | D:1      | Reached XP level 1. HP: 15/15 MP: 3/3
     0 | D:1      | magus.rc [v1.11.3]
    89 | D:1      | Reached skill level 2 in Transmutations
   108 | D:1      | Gained mutation: You are partially covered in sharp spines.
                  | [demonic ancestry]
   108 | D:1      | Reached XP level 2. HP: 19/21 MP: 3/5
   349 | D:1      | Reached skill level 3 in Unarmed Combat
   486 | D:1      | Gained mutation: You are mostly covered in sharp spines.
                  | [demonic ancestry]
   486 | D:1      | Reached XP level 3. HP: 24/26 MP: 4/6
   491 | D:1      | Learned a level 2 spell: Wereblood
   495 | D:1      | Learned a level 3 spell: Spider Form
   829 | D:2      | You pick up a book of Decay and begin reading...
   829 | D:2      | You add the spells Cigotuvi's Dreadful Rot, Dispel Undead
                  | and Death Channel to your library.
   832 | D:2      | Found a faded altar of an unknown god.
   835 | D:2      | Identified the +6 war axe of Conformity {flame, rF+ rN++}
   866 | D:2      | Identified the ring "Roreij" {rPois rF- rN+ Dex+6}
  1339 | D:2      | HP: 1/26 [gnoll/+0 whip (9)]
  1342 | D:2      | Reached skill level 1 in Poison Magic
  1342 | D:2      | Gained mutation: You have sharp fingernails. [demonic
                  | ancestry]
  1342 | D:2      | Reached XP level 4. HP: 2/32 MP: 4/7
  1465 | D:3      | Reached skill level 3 in Transmutations
  1486 | D:3      | Reached XP level 5. HP: 20/37 MP: 4/9
  1505 | D:3      | Reached skill level 3 in Spellcasting
  1627 | D:3      | Noticed Natasha
  1750 | D:3      | Killed Natasha
  1751 | D:3      | Reached skill level 4 in Transmutations
  1758 | D:3      | Reached XP level 6. HP: 30/43 MP: 7/10
  1790 | D:2      | Learned a level 4 spell: Ice Form
  1836 | D:3      | You fall into a shaft and drop 3 floors!
  1919 | D:6      | HP: 8/43 [kobold brigand/+0 club (6)]
  1920 | D:6      | HP: 1/43 [kobold brigand/+0 club (4)]
  1921 | D:6      | Slain by a kobold brigand

Vanquished Creatures
  2 orc wizards (D:3)
  A scorpion zombie (D:3)
  Natasha (D:3)
  2 hound skeletons (D:3)
  11 gnolls
  A worm (D:2)
  3 dart slugs
  6 orcs (D:3)
  5 endoplasms
  4 giant cockroaches
  4 goblins
  6 hobgoblins
  2 jackals (D:1)
  10 kobolds
  3 quokkas
  7 ball pythons
  A ball python zombie (D:3)
  2 bats (D:1)
  8 frilled lizards
  A jackal skeleton (D:3)
  A quokka simulacrum (D:3)
  4 rats
85 creatures vanquished.

Vanquished Creatures (others)
  6 plants (D:6)
  15 withered plants (D:3)
21 creatures vanquished.

Grand Total: 106 creatures vanquished

Table legend:
 A = Non-vault XP
 B = Vault XP
 C = Vault XP percentage of total XP
 D = Non-vault monster count
 E = Vault monster count
 F = Vault count percentage of total count
                 A         B        C        D         E       F
            +---------+---------+-------+---------+---------+-------
      Total |     342 |     112 |  24.7 |      78 |       7 |   8.2
            +---------+---------+-------+---------+---------+-------
        D:1 |      57 |       0 |   0.0 |      34 |       0 |   0.0
        D:2 |      43 |       0 |   0.0 |      17 |       0 |   0.0
        D:3 |     177 |     112 |  38.8 |      16 |       7 |  30.4
        D:6 |      65 |       0 |   0.0 |      11 |       0 |   0.0
            +---------+---------+-------+---------+---------+-------

Illustrated notes

Table legend:
 A = Kills in this place as a percentage of kills in entire the game.
 B = Kills by you in this place as a percentage of kills by you in the entire game.
 C = Kills by friends in this place as a percentage of kills by friends in the entire game.
 D = Other kills in this place as a percentage of other kills in the entire game.
 E = Experience gained in this place as a percentage of experience gained in the entire game.
 F = Experience gained in this place divided by the number of levels of this place that you have seen.
                   A       B       C       D       E      F
               +-------+-------+-------+-------+-------+----------------------
         Total | 100.0 | 100.0 |   N/A |   N/A | 100.0 | 113.5
       Dungeon | 100.0 | 100.0 |   N/A |   N/A | 100.0 | 113.5
               +-------+-------+-------+-------+-------+----------------------

Table legend: (Time is in decaauts)
 A = Elapsed time spent in this place.
 B = Non-inter-level travel time spent in this place.
 C = Inter-level travel time spent in this place.
 D = Time resting spent in this place.
 E = Time spent auto-exploring this place.
 F = Levels seen in this place.
 G = Mean time per level.
                   A        B        C        D        E       F      G
               +--------+--------+--------+--------+--------+-----+--------+
         Total |   1915 |   1823 |     92 |    176 |   1197 |   4 |  478.8 |
       Dungeon |   1915 |   1823 |     92 |    176 |   1197 |   4 |  478.8 |
               +--------+--------+--------+--------+--------+-----+--------+

Top non-repeatable levels by time:
     D:2: 1063 daAuts
     D:1: 615 daAuts
     D:3: 153 daAuts
     D:6: 83 daAuts
